PCL
CALGARY COWBOYS @ REDWOOD CITY REDWOODS
05/24/2027
 
TOP OF THE 1ST
Calgary Cowboys batting - Pitching for Redwood City Redwoods : RHP Manny Maldonado
Pitching: RHP Manny Maldonado
Batting: LHB Enrico Vargas 0-0: Called Strike
0-1: Ball
1-1: Foul Ball, location: 2F
1-2: Ball
2-2: Ground out 4-3 (Groundball, 4)
Batting: RHB Mario Sánchez 0-0: Swinging Strike
0-1: Ball
1-1: Fly out, F9 (Flyball, 89M)
Batting: LHB Greg Nelson 0-0: Called Strike
0-1: Ball
1-1: Ball
2-1: SINGLE (Line Drive, 6MD)
Batting: LHB José Liñares 0-0: Called Strike
0-1: Ball
1-1: Ball
2-1: SINGLE (Groundball, 6MD)
Greg Nelson to second
Batting: RHB Todd Bryant 0-0: Called Strike
0-1: Ball
1-1: Ground out 5-3 (Groundball, 56S)
Top of the 1st over - 0 run(s), 2 hit(s), 0 error(s), 2 left on base; Calgary 0 - Redwood City 0
BOTTOM OF THE 1ST
Redwood City Redwoods batting - Pitching for Calgary Cowboys : RHP Esteban Castro
Pitching: RHP Esteban Castro
Batting: LHB Arthur Hall 0-0: Called Strike
0-1: Ball
1-1: Ball
2-1: Ball
3-1: Foul Ball, location: 2F
3-2: Foul Ball, location: 2F
3-2: Foul Ball, location: 2F
3-2: Ground out 4-3 (Groundball, 4)
Batting: LHB Jon Graves 0-0: Ball
1-0: Called Strike
1-1: Foul Ball, location: 2F
1-2: Foul Ball, location: 2F
1-2: Strikes out swinging
Batting: LHB Nicholas Alston 0-0: Called Strike
0-1: Ball
1-1: Swinging Strike
1-2: Ball
2-2: Ball
3-2: Strikes out looking
Bottom of the 1st over - 0 run(s), 0 hit(s), 0 error(s), 0 left on base; Calgary 0 - Redwood City 0
TOP OF THE 2ND
Calgary Cowboys batting - Pitching for Redwood City Redwoods : RHP Manny Maldonado
Batting: RHB Dan Wyatt 0-0: Ball
1-0: Foul Ball, location: 2F
1-1: Ball
2-1: Ball
3-1: Base on Balls
Batting: LHB Freddy Herrera 0-0: Ball
1-0: Ball
2-0: Foul Ball, location: 2F
2-1: Ball
Wild Pitch!
Dan Wyatt to second
3-1: Swinging Strike
3-2: Strikes out swinging
Batting: RHB Shayne Burry 0-0: 2-RUN HOME RUN (Flyball, 89XD), Distance : 403 ft
Batting: LHB Miguel Pérez 0-0: Ground out 6-3 (Groundball, 6)
Batting: LHB Enrico Vargas 0-0: Ball
1-0: Ball
2-0: Swinging Strike
2-1: Ball
3-1: Called Strike
3-2: Foul Ball, location: 2F
3-2: Foul Ball, location: 2F
3-2: Fly out, F9 (Flyball, 9LM)
Top of the 2nd over - 2 run(s), 1 hit(s), 0 error(s), 0 left on base; Calgary 2 - Redwood City 0
BOTTOM OF THE 2ND
Redwood City Redwoods batting - Pitching for Calgary Cowboys : RHP Esteban Castro
Batting: LHB Germán Charfauros 0-0: Foul Ball, location: 2F
0-1: SOLO HOME RUN (Flyball, 89XD), Distance : 403 ft
Batting: LHB Patrick Bright 0-0: Swinging Strike
0-1: Foul Ball, location: 2F
0-2: Ball
1-2: Ball
2-2: Ground out 4-3 (Groundball, 4)
Batting: RHB Richie Miller 0-0: Foul Ball, location: 2F
0-1: Ball
1-1: Ball
2-1: SINGLE (Flyball, 8RS)
Batting: RHB Carlos Gonzáles 0-0: Called Strike
0-1: Ball
1-1: Swinging Strike
1-2: Strikes out swinging
Batting: RHB Jesús Cuevas 0-0: Called Strike
0-1: Ball
1-1: Foul Ball, location: 2F
1-2: Ball
2-2: Ball
3-2: Ground out 6-3 (Groundball, 6)
Bottom of the 2nd over - 1 run(s), 2 hit(s), 0 error(s), 1 left on base; Calgary 2 - Redwood City 1
TOP OF THE 3RD
Calgary Cowboys batting - Pitching for Redwood City Redwoods : RHP Manny Maldonado
Batting: RHB Mario Sánchez 0-0: Ball
1-0: Called Strike
1-1: Ball
2-1: Ball
3-1: SINGLE (Line Drive, 5S)
Batting: LHB Greg Nelson 0-0: Ball
1-0: Ball
Mario Sánchez is caught stealing 2nd base
2-0: Foul Ball, location: 2F
2-1: Called Strike
2-2: Ball
3-2: Foul Ball, location: 2F
3-2: Strikes out swinging
Batting: LHB José Liñares 0-0: SINGLE (Line Drive, 9LS)
Batting: RHB Todd Bryant 0-0: Ball
1-0: Called Strike
1-1: Fly out, F9 (Flyball, 9LM)
Top of the 3rd over - 0 run(s), 2 hit(s), 0 error(s), 1 left on base; Calgary 2 - Redwood City 1
BOTTOM OF THE 3RD
Redwood City Redwoods batting - Pitching for Calgary Cowboys : RHP Esteban Castro
Batting: RHB Fu Tse 0-0: Fly out, F8 (Flyball, 8RM)
Batting: LHB Arthur Hall 0-0: Foul Ball, location: 2F
0-1: Ball
1-1: Ball
2-1: Fly out, F8 (Line Drive, 8RD)
Batting: LHB Jon Graves 0-0: Called Strike
0-1: Ball
1-1: Swinging Strike
1-2: Strikes out swinging
Bottom of the 3rd over - 0 run(s), 0 hit(s), 0 error(s), 0 left on base; Calgary 2 - Redwood City 1
TOP OF THE 4TH
Calgary Cowboys batting - Pitching for Redwood City Redwoods : RHP Manny Maldonado
Batting: RHB Dan Wyatt 0-0: Ball
1-0: Foul Ball, location: 2F
1-1: Ball
2-1: Ball
3-1: Ground out 6-3 (Groundball, 56)
Batting: LHB Freddy Herrera 0-0: Swinging Strike
0-1: Swinging Strike
0-2: Ball
1-2: Ball
2-2: Strikes out swinging
Batting: RHB Shayne Burry 0-0: Ball
1-0: Ball
2-0: Foul Ball, location: 2F
2-1: Called Strike
2-2: Strikes out swinging
Top of the 4th over - 0 run(s), 0 hit(s), 0 error(s), 0 left on base; Calgary 2 - Redwood City 1
BOTTOM OF THE 4TH
Redwood City Redwoods batting - Pitching for Calgary Cowboys : RHP Esteban Castro
Batting: LHB Nicholas Alston 0-0: Ball
1-0: Ball
2-0: Ball
3-0: SOLO HOME RUN (Flyball, 9LD), Distance : 340 ft
Batting: LHB Germán Charfauros 0-0: Ball
1-0: SINGLE (Line Drive, 7S)
Batting: LHB Patrick Bright 0-0: Ball
1-0: Ball
2-0: Called Strike
2-1: Called Strike
2-2: Strikes out looking
Batting: RHB Richie Miller 0-0: Ball
1-0: Called Strike
1-1: Called Strike
1-2: Ball
2-2: Strikes out swinging
Germán Charfauros steals 2nd base
Batter strikes out.
Batting: RHB Carlos Gonzáles 0-0: DOUBLE (Flyball, 89D)
Germán Charfauros scores
Batting: RHB Jesús Cuevas 0-0: Foul Ball, location: 2F
0-1: Foul Ball, location: 2F
0-2: Ball
1-2: Foul Ball, location: 2F
1-2: Ground out 6-3 (Groundball, 56)
Bottom of the 4th over - 2 run(s), 3 hit(s), 0 error(s), 1 left on base; Calgary 2 - Redwood City 3
TOP OF THE 5TH
Calgary Cowboys batting - Pitching for Redwood City Redwoods : RHP Manny Maldonado
Batting: LHB Miguel Pérez 0-0: Called Strike
0-1: Called Strike
0-2: Strikes out swinging
Batting: LHB Enrico Vargas 0-0: Fly out, F8 (Line Drive, 89M)
Batting: RHB Mario Sánchez 0-0: Ball
1-0: Fly out, F8 (Flyball, 8RM)
Top of the 5th over - 0 run(s), 0 hit(s), 0 error(s), 0 left on base; Calgary 2 - Redwood City 3
BOTTOM OF THE 5TH
Redwood City Redwoods batting - Pitching for Calgary Cowboys : RHP Esteban Castro
Batting: RHB Fu Tse 0-0: Ball
1-0: Ball
2-0: Ball
3-0: Called Strike
3-1: Foul Ball, location: 2F
3-2: Strikes out swinging
Batting: LHB Arthur Hall 0-0: Ball
1-0: Ground out 4-3 (Groundball, 4)
Batting: LHB Jon Graves 0-0: Called Strike
0-1: Ball
1-1: Called Strike
1-2: Ball
2-2: Ball
3-2: Strikes out swinging
Bottom of the 5th over - 0 run(s), 0 hit(s), 0 error(s), 0 left on base; Calgary 2 - Redwood City 3
TOP OF THE 6TH
Calgary Cowboys batting - Pitching for Redwood City Redwoods : RHP Manny Maldonado
Batting: LHB Greg Nelson 0-0: Ball
1-0: SOLO HOME RUN (Flyball, 9D), Distance : 343 ft
Batting: LHB José Liñares 0-0: Called Strike
0-1: Ball
1-1: Swinging Strike
1-2: Ball
2-2: Foul Ball, location: 2F
2-2: SINGLE (Line Drive, 8LS)
Batting: RHB Todd Bryant 0-0: Ball
1-0: Fly out, F9 (Flyball, 9)
Batting: RHB Dan Wyatt 0-0: Called Strike
0-1: Ball
1-1: Foul Ball, location: 2F
1-2: Foul Ball, location: 2F
1-2: Foul Ball, location: 2F
1-2: Ball
2-2: Ball
3-2: SINGLE (Groundball, 4M) (infield hit)
José Liñares to second
Batting: LHB Freddy Herrera 0-0: Ball
1-0: Foul Ball, location: 2F
1-1: Swinging Strike
1-2: Ball
2-2: Foul Ball, location: 2F
2-2: Foul Ball, location: 2F
2-2: Fly out, F4 (Popup, 4MD)
Pitching: RHP Jorge Luna
Batting: RHB Shayne Burry 0-0: Foul Ball, location: 2F
0-1: Ball
1-1: Fielders Choice at 2nd, 6-4 (Groundball, 6)
Top of the 6th over - 1 run(s), 3 hit(s), 0 error(s), 1 left on base; Calgary 3 - Redwood City 3
BOTTOM OF THE 6TH
Redwood City Redwoods batting - Pitching for Calgary Cowboys : RHP Esteban Castro
Batting: LHB Nicholas Alston 0-0: Ball
1-0: Ball
2-0: Called Strike
2-1: Reached on error, E3 (Groundball, 34)
Batting: LHB Germán Charfauros 0-0: Ball
1-0: Ball
2-0: Called Strike
2-1: Ball
3-1: Foul Ball, location: 2F
3-2: Base on Balls
Nicholas Alston to second
Pitching: RHP Bert Killick
Batting: LHB Patrick Bright 0-0: Ball
1-0: Ball
2-0: Called Strike
2-1: Foul Ball, location: 2F
2-2: Ball
3-2: Base on Balls
Nicholas Alston to third
Germán Charfauros to second
Batting: RHB Richie Miller 0-0: Ball
1-0: Ball
2-0: Ball
3-0: Called Strike
3-1: Called Strike
3-2: Foul Ball, location: 2F
3-2: Base on Balls
Nicholas Alston scores
Germán Charfauros to third
Patrick Bright to second
Batting: RHB Carlos Gonzáles 0-0: Foul Ball, location: 2F
0-1: Called Strike
0-2: Hit by Pitch
Germán Charfauros scores
Patrick Bright to third
Richie Miller to second
Batting: RHB Jesús Cuevas 0-0: Called Strike
0-1: Ball
1-1: Swinging Strike
1-2: Strikes out looking
Batting: RHB Fu Tse 0-0: Ball
1-0: GRAND SLAM HOME RUN (Flyball, 7D), Distance : 363 ft
Pitching: RHP Arthur Benson
Batting: LHB Arthur Hall 0-0: Called Strike
0-1: Ball
1-1: Called Strike
1-2: Ball
2-2: Foul Ball, location: 2F
2-2: Ball
3-2: SINGLE (Groundball, 34D)
Batting: LHB Jon Graves 0-0: Ball
1-0: Called Strike
1-1: Called Strike
1-2: Ball
2-2: Ball
3-2: Ground out 4-3 (Groundball, 34)
Arthur Hall to second
Batting: LHB Nicholas Alston 0-0: Called Strike
0-1: Called Strike
0-2: Foul Ball, location: 2F
0-2: Strikes out looking
Bottom of the 6th over - 6 run(s), 2 hit(s), 1 error(s), 1 left on base; Calgary 3 - Redwood City 9
TOP OF THE 7TH
Calgary Cowboys batting - Pitching for Redwood City Redwoods : RHP Jorge Luna
Batting: LHB Miguel Pérez 0-0: Ground out 6-3 (Groundball, 6)
Batting: LHB Enrico Vargas 0-0: Ball
1-0: Ball
2-0: Ball
3-0: Called Strike
3-1: Base on Balls
Batting: RHB Mario Sánchez 0-0: Called Strike
0-1: Called Strike
0-2: Ball
1-2: Ball
2-2: Foul Ball, location: 2F
2-2: Foul Ball, location: 2F
2-2: Foul Ball, location: 2F
2-2: Foul Ball, location: 2F
2-2: Ball
3-2: SINGLE (Groundball, 13) (infield hit)
Enrico Vargas to second
Batting: LHB Greg Nelson 0-0: Ball
1-0: Called Strike
1-1: Foul Ball, location: 2F
1-2: Foul Ball, location: 2F
1-2: Ball
2-2: Strikes out swinging
Batting: LHB José Liñares 0-0: Called Strike
0-1: Swinging Strike
0-2: Ball
1-2: Strikes out swinging
Top of the 7th over - 0 run(s), 1 hit(s), 0 error(s), 2 left on base; Calgary 3 - Redwood City 9
BOTTOM OF THE 7TH
Redwood City Redwoods batting - Pitching for Calgary Cowboys : RHP Arthur Benson
Batting: LHB Germán Charfauros 0-0: Ball
1-0: Swinging Strike
1-1: Foul Ball, location: 2F
1-2: Ball
2-2: Strikes out swinging
Batting: LHB Patrick Bright 0-0: Ball
1-0: Foul Ball, location: 2F
1-1: Ground out U3 (Groundball, 34)
Batting: RHB Richie Miller 0-0: DOUBLE (Flyball, 9D)
Batting: RHB Carlos Gonzáles 0-0: Ball
1-0: Ball
2-0: Ball
3-0: Called Strike
3-1: Called Strike
3-2: Foul Ball, location: 2F
3-2: Foul Ball, location: 2F
3-2: Foul Ball, location: 2F
3-2: Ground out 6-3 (Groundball, 56)
Bottom of the 7th over - 0 run(s), 1 hit(s), 0 error(s), 1 left on base; Calgary 3 - Redwood City 9
TOP OF THE 8TH
Calgary Cowboys batting - Pitching for Redwood City Redwoods : RHP Jorge Luna
Now at C: José López
Batting: RHB Todd Bryant 0-0: Ball
1-0: Reached on error, E5 (Groundball, 56)
Batting: RHB Dan Wyatt 0-0: Ball
1-0: Swinging Strike
1-1: Ball
2-1: Ball
3-1: Base on Balls
Todd Bryant to second
Batting: LHB Freddy Herrera 0-0: Ball
1-0: Ball
2-0: Ball
3-0: Called Strike
3-1: Foul Ball, location: 2F
3-2: Reached on error, E7 (Flyball, 7D)
Todd Bryant scores
Dan Wyatt to third
Batting: RHB Shayne Burry 0-0: Called Strike
0-1: Ball
Wild Pitch!
Dan Wyatt scores
Freddy Herrera to third
1-1: Foul Ball, location: 2F
1-2: Strikes out looking
Batting: LHB Miguel Pérez 0-0: Ball
1-0: Ball
2-0: Ball
3-0: Called Strike
3-1: Base on Balls
Pitching: RHP Tom Goff
Batting: LHB Enrico Vargas 0-0: Ball
1-0: Ball
2-0: Foul Ball, location: 2F
2-1: SINGLE (Groundball, 3D)
Freddy Herrera scores
Miguel Pérez to second
Runner from 2nd tries for 3rd, SAFE, throw made to third
Batting: RHB Mario Sánchez 0-0: Fly out, F8 (Flyball, 78S)
Runner from 3rd tags up, SCORES, no throw
Batting: LHB Greg Nelson 0-0: SINGLE (Groundball, 34) (infield hit)
Enrico Vargas to second
Batting: LHB José Liñares 0-0: Swinging Strike
0-1: Ball
1-1: Foul Ball, location: 2F
1-2: SINGLE (Flyball, 9LS)
Enrico Vargas to third
Greg Nelson to second
Batting: RHB Todd Bryant 0-0: Ball
1-0: Called Strike
1-1: SINGLE (Groundball, 3D)
Enrico Vargas scores
Greg Nelson to third
José Liñares to second
Runner from 3rd tries for Home, SAFE, no throw
Batting: RHB Dan Wyatt 0-0: Swinging Strike
0-1: Ball
1-1: Ball
2-1: Foul Ball, location: 2F
2-2: Foul Ball, location: 2F
2-2: Foul Ball, location: 2F
2-2: Ball
3-2: Base on Balls
José Liñares to third
Todd Bryant to second
Batting: LHB Freddy Herrera 0-0: Swinging Strike
0-1: Foul Ball, location: 2F
0-2: Strikes out swinging
Top of the 8th over - 6 run(s), 4 hit(s), 2 error(s), 3 left on base; Calgary 9 - Redwood City 9
BOTTOM OF THE 8TH
Redwood City Redwoods batting - Pitching for Calgary Cowboys : RHP Arthur Benson
Pinch Hitting: RHB Anastasio García 0-0: Called Strike
0-1: Fly out, F3 (Popup, 3L)
Pinch Hitting: LHB Jeff Tucker 0-0: Called Strike
0-1: Ball
1-1: Ball
2-1: Ball
3-1: Foul Ball, location: 2F
3-2: SINGLE (Groundball, 56D)
Batting: LHB Arthur Hall 0-0: Ball
1-0: Ball
2-0: Foul Ball, location: 2F
2-1: Ground out 4-3 (Groundball, 4)
Jeff Tucker to second
Pinch Hitting: LHB Marcos Vázquez 0-0: Ball
1-0: Foul Ball, location: 2F
1-1: Ball
2-1: Called Strike
2-2: Foul Ball, location: 2F
2-2: Ball
3-2: Base on Balls
Pinch Runner at 2nd Héctor Flores:
Batting: LHB Nicholas Alston 0-0: Called Strike
0-1: Swinging Strike
0-2: Ball
1-2: Strikes out swinging
Bottom of the 8th over - 0 run(s), 1 hit(s), 0 error(s), 2 left on base; Calgary 9 - Redwood City 9
TOP OF THE 9TH
Calgary Cowboys batting - Pitching for Redwood City Redwoods : RHP Tom Goff
Pitching: LHP Haywood Brown
Now at 1B: Ryan Hensley
Now at 2B: Philip Burke
Now at 3B: Yataro Abe
Batting: RHB Shayne Burry 0-0: Ball
1-0: Fly out, F7 (Flyball, 7S)
Batting: LHB Miguel Pérez 0-0: Called Strike
0-1: DOUBLE (Line Drive, 89D)
Pinch Hitting: RHB Ramón Martínez 0-0: Swinging Strike
0-1: Ball
1-1: Foul Ball, location: 2F
1-2: Strikes out looking
Batting: RHB Mario Sánchez 0-0: Ball
1-0: Foul Ball, location: 2F
1-1: Ball
2-1: Called Strike
2-2: Strikes out swinging
Top of the 9th over - 0 run(s), 1 hit(s), 0 error(s), 1 left on base; Calgary 9 - Redwood City 9
BOTTOM OF THE 9TH
Redwood City Redwoods batting - Pitching for Calgary Cowboys : RHP Arthur Benson
Pitching: RHP Bernardo Romero
Now at 3B: Ramón Martínez
Batting: LHB Germán Charfauros 0-0: Ball
1-0: Called Strike
1-1: Ball
2-1: Called Strike
2-2: Ball
3-2: Fly out, F7 (Flyball, 7)
Batting: LHB Patrick Bright 0-0: Ball
1-0: Ball
2-0: Foul Ball, location: 2F
2-1: Ball
3-1: Swinging Strike
3-2: Strikes out swinging
Batting: SHB José López 0-0: Ball
1-0: Called Strike
1-1: Swinging Strike
1-2: Foul Ball, location: 2F
1-2: Ball
2-2: Strikes out looking
Bottom of the 9th over - 0 run(s), 0 hit(s), 0 error(s), 0 left on base; Calgary 9 - Redwood City 9
TOP OF THE 10TH
Calgary Cowboys batting - Pitching for Redwood City Redwoods : LHP Haywood Brown
Batting: LHB Greg Nelson 0-0: Fly out, F8 (Flyball, 78D)
Pinch Hitting: RHB Tom Rowe 0-0: Called Strike
0-1: Ground out 1-3 (Groundball, 13)
Batting: RHB Todd Bryant 0-0: Swinging Strike
0-1: Swinging Strike
0-2: Foul Ball, location: 2F
0-2: SINGLE (Line Drive, 6MD)
Batting: RHB Dan Wyatt 0-0: Ball
1-0: Called Strike
1-1: SINGLE (Groundball, 4MD)
Todd Bryant to second
Runner from 2nd tries for 3rd, SAFE, no throw
Pinch Hitting: RHB Jesús Hernández 0-0: Swinging Strike
0-1: Called Strike
0-2: TRIPLE (Flyball, 89XD)
Todd Bryant scores
Dan Wyatt scores
Batting: RHB Shayne Burry 0-0: Ball
1-0: Ball
2-0: Ball
3-0: Called Strike
3-1: Foul Ball, location: 2F
3-2: Base on Balls
Batting: LHB Miguel Pérez 0-0: Ball
1-0: Foul Ball, location: 2F
1-1: Foul Ball, location: 2F
1-2: Ball
2-2: Ball
3-2: Strikes out swinging
Top of the 10th over - 2 run(s), 3 hit(s), 0 error(s), 2 left on base; Calgary 11 - Redwood City 9
BOTTOM OF THE 10TH
Redwood City Redwoods batting - Pitching for Calgary Cowboys : RHP Bernardo Romero
Now at 2B: Jesús Hernández
Now at SS: Tom Rowe
Batting: RHB Carlos Gonzáles 0-0: Ground out 4-3 (Groundball, 4M)
Batting: RHB Philip Burke 0-0: Ball
1-0: Ball
2-0: Ball
3-0: Called Strike
3-1: Foul Ball, location: 2F
3-2: Foul Ball, location: 2F
3-2: Ground out 6-3 (Groundball, 6)
Batting: LHB Ryan Hensley 0-0: Called Strike
0-1: Ball
1-1: Ball
2-1: Swinging Strike
2-2: Ground out U3 (Groundball, 3S)
Bottom of the 10th over - 0 run(s), 0 hit(s), 0 error(s), 0 left on base; Calgary 11 - Redwood City 9
Thursday, March 30th, 2017 - OOTP Baseball 17.12 Build 75